 Dungeon Crawl Stone Soup version 0.17.1-3-g152610e (webtiles) character file.

12793 moxian the Geomancer (level 11, -7/64 HPs)
             Began as an Octopode Earth Elementalist on Apr 30, 2016.
             Was an Elder of Vehumet.
             Mangled by a death yak (28 damage)
             ... on level 3 of the Lair of Beasts.
             The game lasted 01:30:55 (16071 turns).

moxian the Geomancer (Octopode Earth Elementalist) Turns: 16071, Time: 01:30:55

Health: -7/64      AC:  9    Str:  7    XL:     11   Next: 98%
Magic:  13/22      EV: 18    Int: 20    God:    Vehumet [****..]
Gold:   391        SH:  0    Dex: 19    Spells: 6 memorised, 6 levels left

rFire  . . .     SeeInvis .     a - 62 stones
rCold  + . .     Clarity  .     (no shield)
rNeg   . . .     SustAt   .     (helmet restricted)
rPois  .         Gourm    +     u - amulet of the gourmand
rElec  .         Spirit   .     k - ring of protection from cold
rCorr  .         Warding  .     o - ring of stealth
rMut   .         Stasis   .     U - +4 ring of protection
MR     .....                    e - +5 ring of dexterity
Stlth  +++++.....               (no ring)
                                (no ring)
                                (no ring)
                                (no ring)

@: stone skin, not resistant to hostile enchantments, quite stealthy
A: almost no armour, amphibious, 8 rings, constrict 8, camouflage 1, gelatinous
body 1
a: Renounce Religion


You were on level 3 of the Lair of Beasts.
You worshipped Vehumet.
Vehumet was greatly pleased with you.
You were very full.

You visited 3 branches of the dungeon, and saw 13 of its levels.
You also visited: Sewer.

You collected 566 gold pieces.
You spent 175 gold pieces at shops.

Inventory:

Hand Weapons
 f - the +7 spear "Jevohus" {freeze, MR+ Str+3 Int-2}
   (You found it on level 2 of the Lair of Beasts)

   It has been specially enchanted to freeze those struck by it, causing extra
   injury to most foes and up to half again as much damage against particularly
   susceptible opponents.
   It can also slow down cold-blooded creatures.
   It affects your strength (+3).
   It affects your intelligence (-2).
   It affects your resistance to hostile enchantments.
 D - a +0 blowgun
Missiles
 a - 62 stones (in tentacle)
 c - 24 poisoned needles
 j - 6 needles of slowing
 v - 15 tomahawks (quivered)
 S - 3 throwing nets
 W - 6 javelins
Jewellery
 e - a +5 ring of dexterity (on tentacle)
 k - a ring of protection from cold (left tentacle)
 o - a ring of stealth (right tentacle)
 u - an amulet of the gourmand (around mantle)
 F - an uncursed ring of ice
 K - an uncursed amulet of stasis
 U - a +4 ring of protection (on tentacle)
Wands
 b - a wand of polymorph (9)
 m - a wand of enslavement (17)
 G - a wand of paralysis (9)
 M - a wand of random effects (15)
 P - a wand of draining (9)
 Q - a wand of fire (2)
 Z - a wand of cold (0)
Scrolls
 s - a scroll of vulnerability {unknown}
 w - a scroll of immolation {unknown}
 x - a scroll of amnesia {unknown}
 y - 3 scrolls of teleportation
 z - 4 scrolls of remove curse
 B - 3 scrolls of blinking
 C - 4 scrolls of noise {unknown}
 H - a scroll of fear {unknown}
 I - a scroll of enchant armour {unknown}
 O - 2 scrolls of random uselessness {unknown}
 V - a scroll of fog
 X - a scroll of recharging
Potions
 g - 6 potions of curing
 h - 3 potions of heal wounds
 i - 4 potions of brilliance {unknown}
 n - 2 potions of haste {unknown}
 p - a potion of poison {unknown}
 r - 2 potions of ambrosia {unknown}
 t - 2 potions of cancellation {unknown}
 E - 2 potions of flight {unknown}
 J - a potion of lignification {unknown}
 L - a potion of berserk rage {unknown}
 N - a potion of agility {unknown}
Comestibles
 d - 19 fruits
 q - 3 meat rations
 A - 11 bread rations
 T - 6 beef jerkies


   Skills:
 + Level 1.8 Fighting
 + Level 7.4 Dodging
 - Level 2.6 Stealth
 + Level 7.6 Spellcasting
 + Level 7.5 Conjurations
 + Level 6.4 Transmutations
 * Level 12.0 Earth Magic


You had 6 spell levels left.
You knew the following spells:

 Your Spells              Type           Power        Failure   Level  Hunger
a - Sandblast             Erth           ######       1%          1    None
b - Stone Arrow           Conj/Erth      #####.       1%          3    None
c - Petrify               Trmt/Erth      #####...     1%          4    ###....
d - Lee's Rapid Deconstr  Erth           ######....   1%          5    #####..
e - Fulminant Prism       Conj/Hex       ###.......   5%          4    ###....
A - Stoneskin             Trmt/Erth      #####...     1%          2    None


Dungeon Overview and Level Annotations

Branches:
Dungeon (8/15)             Temple (1/1) D:6            Lair (4/8) D:8
  Swamp: Lair:3-6    Shoals: Lair:3-6     Snake: Lair:3-6    Spider: Lair:3-6

Altars:
Cheibriados
Fedhas
Gozag
Kikubaaqudgha
Makhleb
Nemelex Xobeh
Okawaru
Qazlal
Ru
Sif Muna
Trog
Vehumet
Xom
Yredelemnul
Zin
The Shining One

Shops:
D:8 ?

Annotations:
D:3 DEFE's ghost, amateur DEFi; Sigmund
D:5 simples's ghost, novice FoAK
D:6 Menkaure
D:7 Duvessa


Innate Abilities, Weirdness & Mutations

You cannot wear most types of armour.
You are amphibious.
You can wear up to eight rings at the same time.
You can use your tentacles to constrict eight enemies at once.
Your skin changes colour to match your surroundings (Stealth).
Your rubbery body absorbs attacks (AC +1).


Message History

The stone arrow hits the death yak.
The death yak is moderately wounded.
The death yak gores you!
Casting: Stone Arrow
Confirm with . or Enter, or press ? or * to list all spells.
Aiming: Stone Arrow
Press: ? - help, Shift-Dir - straight line, f/p - death yak
Aim: a death yak (moderately wounded)
The stone arrow hits the death yak.
The death yak is moderately wounded.
The death yak gores you!
Casting: Stone Arrow
Confirm with . or Enter, or press ? or * to list all spells.
Aiming: Stone Arrow
Press: ? - help, Shift-Dir - straight line, f/p - death yak
Aim: a death yak (moderately wounded)
The stone arrow hits the death yak.
The death yak is heavily wounded.
The death yak gores you!!
You die...

# ######### #...........## # #
##..........# # ## ###
##...........# .#####.####
#.#..........##### #
..#P#.....#####P.........##..####
#..........# ###................
#.#........## ###..##..##...P..##
..>.........###...#########P####
.............###@..# ###
.....<........#Y####
.......<.....#l## #
...............# #
#.............P# ##
#.............## ##.
#.P...........## ###### ##..
.#.........##..####.##.### #...
#..........##....#.####..# #...


You could see a death yak and an iguana.

Vanquished Creatures
  2 hydras
  2 death yaks
  A black mamba (Lair:3)
  The ghost of simples the Skirmisher, a novice FoAK of Lugonu (D:6)
  2 spiny frogs
  A fire drake (Lair:3)
  5 komodo dragons
  5 yaks (Lair:1)
  3 basilisks
  2 hippogriffs
  3 wolves (Lair:2)
  6 porcupines
  11 water moccasins
  3 phantoms
  An eye of draining (D:8)
  2 orc warriors
  A sky beast (D:5)
  4 crocodiles
  An ice beast (D:5)
  A centaur (D:5)
  3 ogres
  9 giant frogs
  2 big kobolds
  A gnoll sergeant (D:7)
  A scorpion (D:6)
  Dowan (D:7)
  12 killer bees (D:8)
  5 crimson imps
  2 gnoll shamans
  A giant frog skeleton (D:8)
  A centaur skeleton (D:5)
  2 orc priests
  3 hounds
  4 orc wizards (D:7)
  5 iguanas
  8 worker ants
  A hound skeleton (D:6)
  18 gnolls
  6 adders
  2 shadow imps
  An adder zombie (D:8)
  4 worms
  2 adder skeletons
  3 giant geckos
  23 orcs
  5 ball pythons
  8 bats
  5 giant cockroaches
  9 hobgoblins
  8 jackals
  17 kobolds
  2 quokkas
  6 giant newts
  3 goblins
  A jackal skeleton (D:4)
  15 rats
256 creatures vanquished.

Vanquished Creatures (others)
  6 fulminant prisms (Lair:3)
  A fungus (Lair:3)
  A plant (Lair:3)
8 creatures vanquished.

Grand Total: 264 creatures vanquished

Notes
Turn   | Place    | Note
--------------------------------------------------------------
     0 | D:1      | moxian the Octopode Earth Elementalist began the quest for the Orb.
     0 | D:1      | Reached XP level 1. HP: 11/11 MP: 3/3
   541 | D:1      | Reached XP level 2. HP: 13/17 MP: 5/5
   753 | D:1      | Reached XP level 3. HP: 14/21 MP: 2/6
  1010 | D:2      | Learned a level 2 spell: Stoneskin
  1014 | D:2      | Learned a level 3 spell: Stone Arrow
  1190 | D:2      | Reached skill level 4 in Earth Magic
  1587 | D:2      | Reached XP level 4. HP: 27/27 MP: 6/8
  1942 | D:2      | You fall through a shaft for 2 floors!
  1954 | D:4      | Reached skill level 1 in Conjurations
  2168 | D:4      | Found a sparkling altar of Nemelex Xobeh.
  2206 | D:3      | Found a sacrificial altar of Ru.
  2253 | D:3      | Found a stormy altar of Qazlal.
  2296 | D:3      | Reached XP level 5. HP: 31/31 MP: 3/9
  2354 | D:3      | Noticed DEFE's ghost (amateur DEFi)
  2396 | D:3      | Noticed Sigmund
  2910 | D:4      | Noticed a phantom
  2954 | D:4      | Reached skill level 5 in Earth Magic
  3272 | D:4      | Noticed a phantom
  3564 | D:4      | Killed a phantom
  3564 | D:4      | Reached XP level 6. HP: 16/36 MP: 4/11
  3796 | D:4      | Found a radiant altar of Vehumet.
  3800 | D:4      | Became a worshipper of Vehumet
  4092 | D:4      | Killed a phantom
  4199 | D:5      | Entered Level 5 of the Dungeon
  4249 | D:5      | Found an opulent altar of Gozag.
  4261 | D:5      | Reached XP level 7. HP: 37/41 MP: 2/12
  4295 | D:5      | Reached skill level 6 in Earth Magic
  4327 | D:5      | Found a glowing drain.
  4407 | Sewer    | Entered a sewer
  4584 | Sewer    | Reached * piety under Vehumet
  4584 | Sewer    | Offered knowledge of Shock by Vehumet.
  4674 | Sewer    | Found a white marble altar of Elyvilon.
  4840 | D:5      | Noticed simples's ghost (novice FoAK)
  5252 | D:5      | Reached XP level 8. HP: 42/46 MP: 3/14
  5830 | D:5      | Reached skill level 7 in Earth Magic
  5988 | D:6      | Killed simples's ghost
  6077 | D:6      | Found a staircase to the Ecumenical Temple.
  6085 | Temple   | Entered the Ecumenical Temple
  6332 | D:6      | Found a bloodstained altar of Trog.
  6333 | D:6      | Found an iron altar of Okawaru.
  6366 | D:6      | Reached skill level 5 in Spellcasting
  6496 | D:6      | Found a shimmering altar of Xom.
  6821 | D:6      | Noticed Menkaure
  6904 | D:7      | Reached skill level 8 in Earth Magic
  7125 | D:7      | Reached XP level 9. HP: 51/51 MP: 9/16
  7163 | D:7      | Learned a level 4 spell: Petrify
  7289 | D:7      | Noticed Dowan
  7372 | D:8      | Found a staircase to the Lair.
  7403 | D:7      | Found a glowing golden altar of the Shining One.
  7405 | D:7      | Noticed an angel
  7412 | D:7      | Found a basalt altar of Yredelemnul.
  7415 | D:7      | Noticed a profane servitor
  7509 | D:7      | Offered knowledge of Throw Frost by Vehumet.
  7522 | D:7      | Reached ** piety under Vehumet
  8167 | D:7      | Reached skill level 5 in Conjurations
  8328 | D:7      | Noticed Duvessa
  8365 | D:7      | Killed Dowan
  8568 | D:8      | Found Izater's Magic Scroll Shop.
  8588 | D:8      | Reached skill level 9 in Earth Magic
  8838 | D:8      | Bought a scroll of blinking for 105 gold pieces
  8838 | D:8      | Bought a scroll of remove curse for 42 gold pieces
  8838 | D:8      | Bought a scroll of fog for 28 gold pieces
  9033 | D:8      | Reached skill level 5 in Dodging
  9213 | D:8      | Offered knowledge of Conjure Flame by Vehumet.
  9580 | D:8      | Reached *** piety under Vehumet
  9584 | D:7      | Reached XP level 10. HP: 42/56 MP: 3/19
  9839 | D:8      | Found a shimmering altar of Xom.
  9839 | D:8      | Found a shimmering altar of Xom.
  9840 | D:8      | Found a shimmering altar of Xom.
  9840 | D:8      | Found a shimmering altar of Xom.
  9840 | D:8      | Found a shimmering altar of Xom.
  9840 | D:8      | Found a shimmering altar of Xom.
  9840 | D:8      | Found a shimmering altar of Xom.
  9905 | D:8      | Found a shimmering altar of Xom.
 10216 | Lair:1   | Entered Level 1 of the Lair of Beasts
 10227 | Lair:1   | Learned a level 5 spell: Lee's Rapid Deconstruction
 10500 | Lair:1   | Reached skill level 10 in Earth Magic
 10602 | Lair:1   | Offered knowledge of Fulminant Prism by Vehumet.
 12188 | Lair:1   | Reached skill level 5 in Transmutations
 12323 | Lair:2   | Got a bone spear
 12327 | Lair:2   | Identified the +7 spear "Jevohus" {freeze, MR+ Str+3 Int-2} (You found it on level 2 of the Lair of Beasts)
 12407 | Lair:2   | Reached XP level 11. HP: 61/61 MP: 13/21
 12600 | Lair:2   | Reached skill level 11 in Earth Magic
 12889 | Lair:2   | Noticed a seven-headed hydra
 12899 | Lair:2   | Killed a seven-headed hydra
 13842 | Lair:2   | Learned a level 4 spell: Fulminant Prism
 13904 | Lair:3   | Noticed a four-headed hydra
 13987 | Lair:3   | Killed a four-headed hydra
 15257 | Lair:3   | Reached **** piety under Vehumet
 15257 | Lair:3   | Reached skill level 1 in Fighting
 15593 | Lair:4   | Noticed a death yak
 15593 | Lair:4   | Noticed a death yak
 15593 | Lair:4   | Noticed a death yak
 15593 | Lair:4   | Noticed a death yak
 15842 | Lair:2   | Killed a death yak
 16011 | Lair:3   | Killed a death yak
 16011 | Lair:3   | Reached skill level 12 in Earth Magic
 16071 | Lair:3   | Mangled by a death yak

Action                   |  1- 3 |  4- 6 |  7- 9 | 10-12 || total
-------------------------+-------+-------+-------+-------++-------
Melee: Unarmed           |    57 |    35 |    63 |       ||   155
 Fire: Blowgun           |       |       |       |    20 ||    20
Throw: Stone             |     5 |       |       |       ||     5
       Tomahawk          |       |     2 |       |       ||     2
 Cast: Sandblast         |    42 |    81 |   136 |    26 ||   285
       Stone Arrow       |     3 |     4 |    93 |   175 ||   275
       Stoneskin         |     1 |       |     1 |     7 ||     9
       Petrify           |       |       |       |     8 ||     8
       Fulminant Prism   |       |       |       |     6 ||     6
       Lee's Rapid Decon |       |       |       |     5 ||     5
Evoke: Wand              |       |       |       |     1 ||     1
  Use: Scroll            |       |     3 |     5 |     3 ||    11
       Potion            |       |     2 |       |       ||     2
 Stab: Sleeping          |     6 |     5 |     3 |       ||    14
       Distracted        |     1 |       |       |       ||     1
  Eat: Chunk             |     3 |    17 |    22 |    23 ||    65
